 Dungeon Crawl Stone Soup version 0.17.1-2-g5865329 (webtiles) character file.

238 Glider the Cutter (level 5, -7/41 HPs)
             Began as a Demonspawn Fighter on Jan 14, 2016.
             Mangled by Sigmund
             ... wielding a cursed -1 scythe
              (8 damage)
             ... on level 3 of the Dungeon.
             The game lasted 00:10:15 (3955 turns).

Glider the Cutter (Demonspawn Fighter)              Turns: 3955, Time: 00:10:15

Health: -7/41      AC:  6    Str: 16    XL:     5   Next: 78%
Magic:  5/5        EV:  9    Int:  9    God:
Gold:   61         SH:  0    Dex: 16    Spells: 0 memorised, 4 levels left

rFire  . . .     SeeInvis .     f - +1 dagger (vamp)
rCold  . . .     Clarity  .     b - +0 scale mail
rNeg   . . .     SustAt   .     (no shield)
rPois  .         Gourm    +     (no helmet)
rElec  .         Spirit   .     (no cloak)
rCorr  .         Warding  .     (no gloves)
rMut   .         Stasis   .     (no boots)
MR     .....                    m - amulet of the gourmand (curse)
Stlth  ..........               (no ring)
                                (no ring)

@: confused, slowed, invisible, very slow, not resistant to hostile
enchantments, extremely unstealthy
A: hooves 1, thin skeletal structure 1
a: no special abilities


You were on level 3 of the Dungeon.
You were completely stuffed.

You visited 1 branch of the dungeon, and saw 3 of its levels.

You collected 61 gold pieces.

Inventory:

Hand Weapons
 a - a +0 flail
 d - a +2 dagger of venom
 f - a +1 vampiric dagger (weapon)
 r - a +2 short sword of venom
Armour
 b - a +0 scale mail (worn)
 c - a +0 shield
Jewellery
 m - a cursed amulet of the gourmand (around neck)
Scrolls
 k - a scroll of teleportation {unknown}
 l - a scroll of remove curse {unknown}
 o - a scroll of enchant weapon {unknown}
 p - a scroll of blinking
 s - a scroll of identify {unknown}
 t - a scroll of enchant armour {unknown}
Potions
 h - a potion of mutation {unknown}
 j - a potion of brilliance {unknown}
 n - a potion of berserk rage {unknown}
 q - 2 potions of poison
Comestibles
 e - a bread ration
 g - 4 fruits


   Skills:
 - Level 3.0 Fighting
 * Level 4.2 Short Blades
 - Level 3.3 Maces & Flails
 - Level 2.6 Armour
 - Level 2.6 Shields


You had 4 spell levels left.
You didn't know any spells.

Dungeon Overview and Level Annotations

Branches:
Dungeon (3/15)

Altars:
Okawaru
The Shining One

Annotations:
D:3 Sigmund


Innate Abilities, Weirdness & Mutations

You have large cloven feet.
You have a somewhat thin skeletal structure (Dex +2, Stealth).


Message History

You are more confused.
You're too confused to move!
Sigmund zaps a wand.
You resist with some effort.
Sigmund zaps a wand.
You resist with some effort.
Sigmund zaps a wand.
You resist with some effort.
Sigmund gestures wildly while chanting.
Sigmund flickers and vanishes!
Deactivating autopickup; reactivate with Ctrl-A.
You hear a zap.
Something hits you!
* * * LOW HITPOINT WARNING * * *
Something hits you but does no damage. Something hits you.
* * * LOW HITPOINT WARNING * * *
Something hits you!
* * * LOW HITPOINT WARNING * * *
Drink which item? (? for menu, Esc to quit)
It was a potion of invisibility.
You fade into invisibility!
Something hits you!
You die...

#.##...#...#####.#
# ##.###.## #.#
#.# .#### #.# #..
...# #.# #..# ##.#
#.# #.[# #.# #.#
#.# #.# ##.
#.###.#
....#####...@.#
##........#####
.........##
##.#####.# #.# #.
#.## ..# #..# #.#
##.# #.# #.#


There were no monsters in sight!

Vanquished Creatures
  2 orc priests (D:3)
  An orc wizard (D:3)
  Natasha (D:3)
  4 adders
  An ooze (D:1)
  3 worms
  2 giant geckos
  5 orcs (D:3)
  5 giant cockroaches
  9 hobgoblins
  4 jackals (D:3)
  9 kobolds
  A ball python (D:1)
  7 bats
  5 giant newts
  8 goblins
  A quokka (D:3)
  8 rats
76 creatures vanquished.

Notes
Turn   | Place    | Note
--------------------------------------------------------------
     0 | D:1      | Glider the Demonspawn Fighter began the quest for the Orb.
     0 | D:1      | Reached XP level 1. HP: 18/18 MP: 1/1
   255 | D:1      | Gained mutation: You have large cloven feet. [demonic ancestry]
   255 | D:1      | Reached XP level 2. HP: 18/24 MP: 2/2
  1029 | D:1      | Reached XP level 3. HP: 27/29 MP: 3/3
  1345 | D:1      | Found a glowing golden altar of the Shining One.
  1560 | D:2      | Reached skill level 1 in Short Blades
  2027 | D:2      | Reached XP level 4. HP: 35/35 MP: 4/4
  2916 | D:3      | Gained mutation: You have a somewhat thin skeletal structure (Dex +2, Stealth). [demonic ancestry]
  2916 | D:3      | Reached XP level 5. HP: 31/41 MP: 5/5
  3096 | D:3      | Found an iron altar of Okawaru.
  3244 | D:3      | Noticed Sigmund
  3639 | D:3      | Reached skill level 4 in Short Blades
  3646 | D:3      | HP: 2/41 [poison (a potion of poison)]
  3920 | D:3      | Noticed Natasha
  3944 | D:3      | Killed Natasha
  3954 | D:3      | HP: 1/41 [something (8)]
  3955 | D:3      | Mangled by Sigmund

Action                   |  1- 3 |  4- 6 || total
-------------------------+-------+-------++-------
Melee: Flail             |   119 |       ||   119
       Dagger            |    74 |   264 ||   338
  Use: Potion            |       |     6 ||     6
       Scroll            |       |     1 ||     1
  Eat: Chunk             |     6 |    16 ||    22
       Meat ration       |     1 |       ||     1
